 Dungeon Crawl Stone Soup version 0.22-a0-86-g94e0ad4 (webtiles) character file.

492 KristoblXynda the Sneak (level 6, 0/32 HPs)
             Began as a Spriggan Monk on Jan 20, 2018.
             Killed by nerve-wracking pain
             ... invoked by Grinder
              (2 damage)
             ... on level 5 of the Dungeon.
             The game lasted 00:11:25 (6222 turns).

KristoblXynda the Sneak (Spriggan Monk)             Turns: 6222, Time: 00:11:26

Health: 0/32       AC:  2    Str:  8    XL:     6   Next: 91%
Magic:  8/9        EV: 24    Int: 12    God:
Gold:   223        SH:  4    Dex: 17    Spells: 5/8 levels left

rFire    . . .     SeeInvis +   f - +2 dagger
rCold    . . .     Gourm    .   (shield restricted)
rNeg     . . .     Faith    .   b - +0 robe
rPois    .         Spirit   .   (helmet restricted)
rElec    .         Reflect  +   (no cloak)
rCorr    .         Harm     .   (gloves unavailable)
MR       +....                  (boots unavailable)
Stlth    ++++......             y - +4 amulet of reflection
HPRegen  0.10/turn              (no ring)
MPRegen  0.11/turn              (no ring)

@: very slightly contaminated, invisible, very quick
A: very small, unfitting armour, repulsion field 1, see invisible, clumsy 1,
herbivore, speed 3, slow metabolism 2
a: no special abilities


You were on level 5 of the Dungeon.
You were not hungry.

You visited 1 branch of the dungeon, and saw 5 of its levels.

You collected 223 gold pieces.

Inventory:

Hand Weapons
 f - a +2 dagger (weapon)
 s - the +1 hunting sling "Qifoj" {venom, rN+ Int+7 Dex-3}
   (You found it on level 4 of the Dungeon)

   It poisons the ammo it fires.
   It affects your intelligence (+7).
   It affects your dexterity (-3).
   It protects you from negative energy.
Missiles
 i - 8 poisoned needles
Armour
 b - a +0 robe (worn)
Jewellery
 y - a +4 amulet of reflection (around neck)
Scrolls
 a - 4 scrolls of teleportation
 g - a scroll of amnesia {unknown}
 j - 2 scrolls of remove curse
 k - 3 scrolls of blinking
 m - a scroll of immolation
 n - a scroll of enchant armour {unknown}
 p - 2 scrolls of enchant weapon
 r - a scroll of random uselessness {unknown}
 t - a scroll of fear {unknown}
Potions
 d - 2 potions of brilliance
 h - a potion of haste
 q - a potion of resistance
 w - 2 potions of magic
Books
 e - a book of Misfortune

   Spells                             Type                      Level
   a - Confusing Touch                Hexes                        1
   b - Confuse                        Hexes                        3
   c - Gell's Gravitas                Translocation                3
   d - Petrify                        Transmutation/Earth          4
   e - Metabolic Englaciation         Hexes/Ice                    5
   f - Yara's Violent Unravelling     Hexes/Transmutation          5
 x - a book of Frost

   Spells                             Type                      Level
   a - Freeze                         Ice                          1
   b - Throw Frost                    Conjuration/Ice              2
   c - Ozocubu's Armour               Charms/Ice                   3
   d - Throw Icicle                   Conjuration/Ice              4
   e - Summon Ice Beast               Ice/Summoning                4
Comestibles
 c - 6 rations


   Skills:
 - Level 2.4 Fighting
 - Level 5.3 Short Blades
 - Level 7.0 Dodging
 + Level 7.1 Stealth
 + Level 1.6 Spellcasting
 + Level 1.6 Hexes


You had 5 spell levels left.
You knew the following spells:

 Your Spells              Type           Power        Failure   Level  Hunger
a - Confuse               Hex            #.......     38%         3    ####...


Dungeon Overview and Level Annotations

Branches:
Dungeon (5/15)
 Temple: D:4-7

Altars:
Ru
Wu Jian
Xom

Shops:
D:5 %

Annotations:
D:5 Grinder


Innate Abilities, Weirdness & Mutations

You are very small and have problems with some larger weapons.
You are too small for most types of armour.
You have supernaturally acute eyesight. (SInv)
You are a herbivore.
You cover ground extremely quickly.
You need consume almost no food.
You are surrounded by a mild repulsion field. (EV +2)
You are clumsy. (Dex -2)


Message History

Grinder completely misses you.
You closely miss Grinder.
Grinder is severely wounded.
Grinder hits you!
You writhe in agony.
You closely miss Grinder.
Grinder is severely wounded.
Grinder hits you!
You writhe in agony.
* * * LOW HITPOINT WARNING * * *
You hit Grinder but do no damage.
Grinder is severely wounded.
You hit Grinder.
Grinder is severely wounded.
Grinder gestures at you. Pain shoots through your body!
* * * LOW HITPOINT WARNING * * *
You hit Grinder but do no damage.
Grinder is severely wounded.
Grinder gestures at you. Pain shoots through your body!
You die...

############# #............
####### #............
##.....## #............
........########@5..........
..5.......).......?.>....<%.
.....#.##.######...?........
####.#....# #.#.#+#+#####
####l###### ...#.# l.....#
....#.# ####..# ......# <#
#..# ....#### ####..# .....


You could see Grinder.

Vanquished Creatures
  An ogre (D:5)
  A howler monkey (D:4)
  A crimson imp (D:5)
  A hound (D:4)
  A centaur skeleton (D:4)
  An orc wizard (D:4)
  Natasha (twice) (D:4)
  2 worker ants (D:4)
  4 gnolls (D:4)
  2 adders
  An ooze (D:2)
  2 adder skeletons
  A dart slug (D:4)
  3 worms
  A leopard gecko (D:2)
  10 orcs
  2 ball pythons
  3 bats
  A giant cockroach (D:2)
  5 goblins
  8 hobgoblins
  2 jackals (D:4)
  5 kobolds
  4 quokkas
  5 frilled lizards
  2 jackal skeletons (D:4)
  A leopard gecko skeleton (D:5)
  A quokka skeleton (D:4)
  5 rats
78 creatures vanquished.

Notes
Turn   | Place    | Note
-------+----------+-------------------------------------------
     0 | D:1      | KristoblXynda the Spriggan Monk began the quest for the Orb.
     0 | D:1      | Reached XP level 1. HP: 11/11 MP: 2/2
   305 | D:1      | Reached XP level 2. HP: 8/16 MP: 3/3
  1505 | D:2      | Found a sacrificial altar of Ru.
  1584 | D:2      | Reached skill level 5 in Dodging
  1646 | D:2      | Reached XP level 3. HP: 9/19 MP: 4/4
  3330 | D:3      | Found an ornate altar of the Wu Jian Council.
  3367 | D:3      | Found a shimmering altar of Xom.
  3383 | D:3      | Reached XP level 4. HP: 23/23 MP: 5/5
  3877 | D:4      | Noticed Natasha
  3880 | D:4      | Got a twisted hunting sling
  3884 | D:4      | Identified the cursed +1 hunting sling "Qifoj" {venom, rN+ Int+7 Dex-3} (You found it on level 4 of the Dungeon)
  3916 | D:4      | Reached skill level 5 in Stealth
  4182 | D:4      | Reached XP level 5. HP: 23/27 MP: 6/6
  4208 | D:4      | HP: 1/27 [orc wizard/dagger (2)]
  4504 | D:4      | Noticed an ogre
  4786 | D:4      | Reached skill level 5 in Short Blades
  4934 | D:4      | Reached XP level 6. HP: 32/32 MP: 7/7
  5080 | D:4      | Killed Natasha
  5421 | D:4      | Noticed Natasha
  5448 | D:4      | Killed Natasha
  5853 | D:5      | Entered Level 5 of the Dungeon
  6033 | D:5      | Learned a level 3 spell: Confuse
  6085 | D:5      | Noticed an orc warrior
  6100 | D:5      | Found Uzyu's Food Shop.
  6141 | D:5      | Gained mutation: You are clumsy. (Dex -2) [potion of mutation]
  6141 | D:5      | Gained mutation: You are surrounded by a mild repulsion field. (EV +2) [potion of mutation]
  6174 | D:5      | Reached skill level 1 in Spellcasting
  6174 | D:5      | Reached skill level 1 in Hexes
  6186 | D:5      | Noticed Grinder
  6222 | D:5      | Killed from afar by Grinder

Vault maps used:
D:1:      evilmike_arrival_grusome_pit
D:2:      old_standard_altar, first_ration
D:3:      lemuel_crystal_altar, nicolae_overflow_crystal_walls,
          minmay_misc_feat_secret_circle, minmay_misc_feat_chi
D:4:      uniq_natasha
D:5:      serial_shops, nicolae_shop_stone, serial_bayou_lagoon_a, led_sif_pool,
          uniq_edmund, uniq_grinder

Skill      XL: |  1  2  3  4  5  6 |
---------------+-------------------+-----
Dodging        | 5 6 7 |  7.0
Stealth        | 4 5 6 7 |  7.1
Short Blades   | 4 5 |  5.3
Spellcasting   | 1 |  1.6
Hexes          | 1 |  1.6
Fighting       | |  2.4

Action                   |  1- 3 |  4- 6 || total
-------------------------+-------+-------++-------
Melee: Short sword       |    27 |       ||    27
       Dagger            |   163 |   289 ||   452
  Use: Scroll            |     4 |    10 ||    14
       Potion            |     1 |     5 ||     6
 Stab: Sleeping          |     8 |     6 ||    14
       Distracted        |     1 |     1 ||     2
       Invisible         |       |     2 ||     2
  Eat: Ration            |       |     2 ||     2
Armor: Robe              |     2 |    12 ||    14
Dodge: Dodged            |   138 |   186 ||   324
Block: Other             |       |     3 ||     3

Table legend:
 A = Spawn XP
 B = Non-spawn XP
 C = Spawn XP percentage of total XP
 D = Spawn monster count
 E = Non-spawn monster count
 F = Spawn count percentage of total count
 G = Total turns spent on level
                    A         B        C        D         E        F      G
               +---------+---------+-------+---------+---------+-------+---------
         Total |       0 |     703 |   0.0 |       0 |      78 |   0.0 |  6222
               +---------+---------+-------+---------+---------+-------+---------
           D:1 |       0 |      24 |   0.0 |       0 |      13 |   0.0 |  1500
           D:2 |       0 |      50 |   0.0 |       0 |      15 |   0.0 |  1141
           D:3 |       0 |      42 |   0.0 |       0 |      16 |   0.0 |  1427
           D:4 |       0 |     411 |   0.0 |       0 |      28 |   0.0 |  1785
           D:5 |       0 |     176 |   0.0 |       0 |       6 |   0.0 |   369
               +---------+---------+-------+---------+---------+-------+---------
